 Dungeon Crawl Stone Soup version 0.22.0-38-g04b72b8c25 (webtiles) character file.

16331 VeryBadPlayer the Fighter (level 12, -5/100 HPs)
             Began as a Barachi Fighter on Aug 26, 2018.
             Was a Priest of Cheibriados.
             Slain by a death yak (16 damage)
             ... on level 2 of the Lair of Beasts.
             The game lasted 00:47:03 (16430 turns).

VeryBadPlayer the Fighter (Barachi Fighter)        Turns: 16430, Time: 00:47:03

Health: -5/100     AC: 23    Str: 29    XL:     12   Next: 36%
Magic:  10/17      EV:  5    Int: 16    God:    Cheibriados [***...]
Gold:   692        SH: 13    Dex: 19    Spells: 11/11 levels left

rFire    + . .     SeeInvis .   J - +2 falchion (holy)
rCold    + . .     Gourm    .   c - +0 shield
rNeg     . . .     Faith    .   a - +0 gold dragon scales
rPois    +         Spirit   .   o - +0 helmet
rElec    .         Reflect  .   G - +1 cloak {MR+}
rCorr    +         Harm     .   n - +0 pair of gloves
MR       +....                  (no boots)
Stlth    ..........             g - amulet of magic regeneration
HPRegen  0.26/turn              (no ring)
MPRegen  0.40/turn              F - ring of resist corrosion

@: can't hop, very slow
A: +LOS, swims, slowness 1, strong legs 1
a: Hop, Bend Time, Temporal Distortion, Renounce Religion


You were on level 2 of the Lair of Beasts.
You worshipped Cheibriados.
Cheibriados was most pleased with you.
You were very hungry.

You visited 2 branches of the dungeon, and saw 13 of its levels.
You also visited: Sewer.

You collected 692 gold pieces.

Inventory:

Hand Weapons
 J - a +2 falchion of holy wrath (weapon)
Armour
 a - +0 gold dragon scales (worn)
 c - a +0 shield (worn)
 n - a +0 pair of gloves (worn)
 o - a +0 helmet (worn)
 G - a +1 cloak of magic resistance (worn)
Jewellery
 g - an amulet of magic regeneration (around neck)
 F - a ring of resist corrosion (right hand)
 L - an uncursed ring of ice
Wands
 u - a wand of acid (7)
 y - a wand of flame (39)
 E - a wand of polymorph (15)
 I - a wand of iceblast (9)
 K - a wand of paralysis (17)
Scrolls
 b - 3 scrolls of enchant armour
 h - a scroll of identify
 k - 3 scrolls of blinking
 m - 8 scrolls of teleportation
 q - 6 scrolls of magic mapping
 w - 7 scrolls of fog
 B - 6 scrolls of enchant weapon
 N - 4 scrolls of remove curse
Potions
 d - 5 potions of might
 e - 2 potions of heal wounds
 i - 2 potions of agility
 j - a potion of mutation
 p - 6 potions of magic
 s - a potion of berserk rage {unknown}
 z - a potion of brilliance {unknown}
 A - 2 potions of invisibility {unknown}
 D - 2 potions of degeneration {unknown}
 M - 2 potions of curing {unknown}
Comestibles
 f - 33 rations


   Skills:
 + Level 11.4 Fighting
 + Level 11.1 Long Blades
 + Level 11.4 Armour
 + Level 10.5 Shields
 + Level 7.3 Invocations


You had 11 spell levels left.
You didn't know any spells.
Your spell library was empty.

Dungeon Overview and Level Annotations

Branches:
Dungeon (11/15)            Temple (0/1) D:6            Lair (2/6) D:11
 Spider (0/4) Lair:2
  Swamp: Lair:2-4    Shoals: Lair:2-4       Orc: D:9-12

Altars:
Ashenzari
Cheibriados
Fedhas
Hepliaklqana
Qazlal
Trog
Uskayaw
Xom
Yredelemnul
Zin

Shops:
D:4 %   D:6 }

Annotations:
Lair:1 1 runed door, Waycsuqi's ghost, novice CeFi


Innate Abilities, Weirdness & Mutations

Shadows flee at your approach. (+LOS)
You can swim through water.
You cover ground slowly.
You can hop short distances.


Message History

The death yak is no longer moving slowly.
The death yak gores you!
* * * LOW HITPOINT WARNING * * *
Okay, then.
You block the death yak's attack.
There is a stone staircase leading up here.
Okay, then.
You feel much better. The death yak gores you!
* * * LOW HITPOINT WARNING * * *
The flow of time bends around you.
Cheibriados rebukes the death yak.
The death yak seems to slow down.
Cheibriados rebukes the death yak.
The death yak seems to slow down.
Cheibriados rebukes the death yak.
The death yak seems to slow down.
You feel slightly more hungry.
Cheibriados lowers the support of your attributes as your movement quickens.
You block the death yak's attack. x2
The death yak gores you!
You die...

...................#
......####........##
#...#.#####.†......#
#..##.##..........#
#.####........#..##
..##.##..........#
......#...P......####
......P...P.........#
.........Y...Y.Y@...#
............P..YY...#
..........#.........#
.>......#.##........#
......######........#
......## ##........#
.......# #..........
.......# #.......####
......## #.......#


You could see 5 death yaks.

Vanquished Creatures
  A great orb of eyes (Lair:1)
  The ghost of raetorn the Spear-Bearer, a journeyman CeGl of Makhleb (D:10)
  3 two-headed ogres
  Pikel (D:5)
  2 spiny frogs (Lair:1)
  2 komodo dragons
  A troll (D:9)
  Grinder (D:5)
  6 hippogriffs
  4 blink frogs (Lair:1)
  Sigmund (D:4)
  2 redbacks (Lair:2)
  Eustachio (D:4)
  A shadow (D:11)
  A wyvern (D:7)
  A human (D:7)
  A basilisk (Lair:1)
  11 yaks
  4 hogs (D:7)
  Edmund (D:6)
  A soldier ant (D:11)
  3 porcupines (Lair:1)
  2 water moccasins (Lair:1)
  2 ice beasts
  2 orc warriors
  A black bear (D:9)
  2 phantoms
  3 ogres
  An eye of draining (D:9)
  4 centaurs
  A crocodile (D:8)
  12 bullfrogs
  A wyvern zombie (D:10)
  4 scorpions
  7 killer bees
  5 electric eels (D:9)
  4 howler monkeys
  2 crimson imps
  7 hounds
  3 quasits
  4 orc priests
  Crazy Yiuf (D:6)
  3 jellies
  5 orc wizards
  4 bullfrog skeletons
  3 centaur skeletons
  Ijyb (D:3)
  5 iguanas
  9 worker ants
  A killer bee zombie (D:8)
  A howler monkey zombie (D:9)
  A mummy (D:8)
  2 worker ant zombies
  12 adders
  A howler monkey skeleton (D:11)
  5 river rats (Sewer)
  4 shadow imps
  4 oozes
  An adder zombie (D:7)
  A worm (D:3)
  A dart slug (D:4)
  11 leopard geckos
  25 orcs
  4 giant cockroaches
  7 goblins
  4 hobgoblins
  8 jackals
  7 quokkas
  12 ball pythons
  8 bats
  4 frilled lizards
  2 hobgoblin zombies (D:8)
  7 kobolds
  2 kobold zombies (D:8)
  A leopard gecko skeleton (D:5)
  A leopard gecko zombie (D:9)
  32 rats
317 creatures vanquished.

Vanquished Creatures (others)
  A slave (D:5)
  An adder (D:5)
  An orc (D:5)
  A fungus (Lair:2)
  2 plants
6 creatures vanquished.

Grand Total: 323 creatures vanquished

Notes
Turn   | Place    | Note
-------+----------+-------------------------------------------
     0 | D:1      | VeryBadPlayer the Barachi Fighter began the quest for the Orb.
     0 | D:1      | Reached XP level 1. HP: 18/18 MP: 1/1
   483 | D:1      | Reached XP level 2. HP: 25/25 MP: 2/2
  1039 | D:1      | Reached XP level 3. HP: 30/30 MP: 3/3
  1499 | D:2      | Reached XP level 4. HP: 26/37 MP: 4/4
  1720 | D:2      | Found a shimmering altar of Xom.
  1805 | D:2      | Found a hide-covered altar of Uskayaw.
  2414 | D:3      | Noticed Ijyb
  2453 | D:3      | Killed Ijyb
  2453 | D:3      | Reached XP level 5. HP: 43/43 MP: 5/5
  2677 | D:4      | Found a shattered altar of Ashenzari.
  2703 | D:4      | Noticed Sigmund
  2717 | D:4      | Killed Sigmund
  2717 | D:4      | Reached skill level 5 in Fighting
  2717 | D:4      | Reached skill level 5 in Armour
  2717 | D:4      | Reached XP level 6. HP: 15/51 MP: 6/6
  2764 | D:4      | Found a basalt altar of Yredelemnul.
  2764 | D:4      | Found a bloodstained altar of Trog.
  2765 | D:4      | Found a snail-covered altar of Cheibriados.
  2870 | D:4      | Found a glowing silver altar of Zin.
  2873 | D:4      | Became a worshipper of Cheibriados the Contemplative
  2943 | D:4      | Noticed Eustachio
  2956 | D:4      | Killed Eustachio
  2956 | D:4      | Reached skill level 5 in Shields
  2956 | D:4      | Reached XP level 7. HP: 14/56 MP: 7/7
  2981 | D:4      | Found Taynuiq's Food Shop.
  3014 | D:4      | Reached skill level 5 in Long Blades
  3150 | D:4      | Found a glowing drain.
  3165 | Sewer    | Entered a sewer
  3338 | Sewer    | Reached * piety under Cheibriados
  3545 | Sewer    | HP: 1/58 [bullfrog (6)]
  3557 | Sewer    | Reached ** piety under Cheibriados
  4436 | D:5      | Entered Level 5 of the Dungeon
  4449 | D:5      | Reached XP level 8. HP: 65/65 MP: 8/8
  4512 | D:5      | HP: 1/65 [hound (4)]
  5069 | D:5      | Reached skill level 1 in Invocations
  5096 | D:5      | Reached *** piety under Cheibriados
  5139 | D:5      | Noticed Grinder
  5274 | D:5      | Killed Grinder
  5460 | D:5      | Noticed Pikel
  5491 | D:5      | Killed Pikel
  5491 | D:5      | Reached XP level 9. HP: 51/72 MP: 9/11
  5850 | D:6      | Found a runed door.
  5854 | D:6      | Noticed Crazy Yiuf
  5864 | D:6      | Found Not Vynosi's Gadget Shoppe.
  6143 | D:6      | Killed Crazy Yiuf
  6288 | D:6      | Noticed Edmund
  6328 | D:6      | Killed Edmund
  6638 | D:6      | Found a blossoming altar of Fedhas.
  6744 | D:6      | Found a staircase to the Ecumenical Temple.
  7078 | D:7      | Reached **** piety under Cheibriados
  7407 | D:7      | Found a stormy altar of Qazlal.
  7777 | D:7      | Reached XP level 10. HP: 82/82 MP: 13/13
  8304 | D:7      | Found a hazy altar of Hepliaklqana.
  8992 | D:8      | Noticed a two-headed ogre
  9007 | D:8      | Killed a two-headed ogre
  9500 | D:8      | Reached skill level 5 in Invocations
 10117 | D:9      | Noticed a two-headed ogre
 10141 | D:9      | Killed a two-headed ogre
 10141 | D:9      | Reached XP level 11. HP: 29/90 MP: 11/15
 10154 | D:9      | Reached ***** piety under Cheibriados
 11285 | D:9      | Reached skill level 10 in Fighting
 11299 | D:9      | Noticed a two-headed ogre
 11315 | D:9      | Killed a two-headed ogre
 11315 | D:9      | Reached skill level 10 in Armour
 12140 | D:10     | Entered Level 10 of the Dungeon
 12239 | D:10     | Found a runed door.
 12241 | D:10     | Noticed raetorn's ghost (journeyman CeGl)
 12275 | D:10     | Killed raetorn's ghost
 12275 | D:10     | Reached skill level 10 in Long Blades
 14214 | D:11     | Found a staircase to the Lair.
 14499 | D:11     | Noticed a purple ugly thing
 14499 | D:11     | Noticed a centaur warrior
 14499 | D:11     | Noticed a centaur warrior
 14500 | D:11     | Noticed an eight-headed hydra
 14500 | D:11     | Noticed a centaur warrior
 14500 | D:11     | Noticed a cyclops
 14756 | Lair:1   | Entered Level 1 of the Lair of Beasts
 14770 | Lair:1   | Identified 2 scrolls of acquirement
 14838 | Lair:1   | Reached skill level 10 in Shields
 14875 | Lair:1   | HP: 4/92 [blink frog (2)]
 14883 | Lair:1   | Reached XP level 12. HP: 7/100 MP: 14/17
 15411 | Lair:1   | Found a runed door.
 15412 | Lair:1   | Found a shimmering altar of Xom.
 15413 | Lair:1   | Noticed Waycsuqi's ghost (novice CeFi)
 15542 | Lair:1   | Noticed a four-headed hydra
 15553 | Lair:1   | Noticed a great orb of eyes
 15553 | Lair:1   | a five-headed hydra changed into a great orb of eyes
 15571 | Lair:1   | Killed a great orb of eyes
 16333 | Lair:2   | Found a hole to the Spider Nest.
 16392 | Lair:2   | Noticed a death yak
 16400 | Lair:2   | Noticed a death yak
 16406 | Lair:2   | Noticed a death yak
 16407 | Lair:2   | Noticed a death yak
 16408 | Lair:2   | Noticed a death yak
 16409 | Lair:2   | Noticed a death yak
 16423 | Lair:2   | HP: 4/100 [death yak (8)]
 16430 | Lair:2   | Slain by a death yak

Skill      XL: |  1  2  3  4  5  6  7  8  9 10 11 12 |
---------------+-------------------------------------+-----
Fighting       | 4 5 6 7 8 9 11 | 11.4
Armour         | 4 5 6 7 8 9 10 11 | 11.4
Long Blades    | 3 4 5 6 8 9 10 11 | 11.1
Shields        | 4 5 6 7 9 10 | 10.5
Invocations    | 2 4 5 6 7 |  7.3

Action                   |  1- 3 |  4- 6 |  7- 9 | 10-12 || total
-------------------------+-------+-------+-------+-------++-------
Melee: Long sword        |   164 |   167 |    10 |       ||   341
       Falchion          |       |       |   732 |   936 ||  1668
Invok: Bend Time         |       |       |     8 |    18 ||    26
       Slouch            |       |       |       |     5 ||     5
       Temporal Distorti |       |       |       |     1 ||     1
 Abil: Hop               |       |       |       |     3 ||     3
Evoke: Wand              |       |       |       |    11 ||    11
  Use: Scroll            |       |     7 |     5 |    11 ||    23
       Potion            |       |       |     3 |     1 ||     4
  Eat: Chunk             |     3 |     4 |    12 |    13 ||    32
       Ration            |       |       |       |     1 ||     1
Armor: Scale mail        |    94 |     3 |       |       ||    97
       Plate armour      |       |    97 |   598 |   205 ||   900
       Gold dragon scale |       |       |       |   214 ||   214
Dodge: Dodged            |    67 |    32 |   188 |   158 ||   445
Block: Shield            |    99 |    86 |   594 |   679 ||  1458
       Rpst.: Long sword |    19 |     8 |     2 |       ||    29
       Falchion          |       |       |    45 |    49 ||    94
